 Dungeon Crawl Stone Soup version 0.30-a0-1094-g860fb061e7 (webtiles) character file.

Game seed: 5061992245720680620

277 lunkers the Slasher (level 6, 0/51 HPs)
             Began as a Meteoran Fighter on Apr 17, 2023.
             Slain by an ogre
             ... wielding a +0 giant spiked club
              (22 damage)
             ... on level 4 of the Dungeon.
             The game lasted 00:02:52 (1120 turns).

lunkers the Slasher (Meteoran Fighter)              Turns: 1120, Time: 00:02:53

Health: 0/51       AC:  9    Str: 18    XL:     6   Next: 80%
Magic:  7/7        EV:  9    Int: 10    God:
Gold:   153        SH:  5    Dex: 15    Spells: 5/5 levels left

rFire   . . .      SeeInvis .    a - +0 long sword
rCold   . . .      Faith    .    c - +0 buckler
rNeg    . . .      Spirit   .    b - +0 scale mail
rPois   +          Reflect  .    g - +0 helmet
rElec   .          Rampage  .    n - +0 cloak
rCorr   .                        (no gloves)
Will    .....                    (no boots) Stlth
                                 (no amulet)
HPRegen 0.28/turn                o - ring of poison resistance
MPRegen 0.10/turn                (no ring)

@: glowing
A: sense surroundings 1, otherworldly, glowing, explore regen
a: no special abilities


You were on level 4 of the Dungeon.
You visited 1 branch of the dungeon, and saw 4 of its levels.

You collected 153 gold pieces.

Inventory:

Hand Weapons
 a - a +0 long sword (weapon)
Armour
 b - a +0 scale mail (worn)
 c - a +0 buckler (worn)
 g - a +0 helmet (worn)
 n - a +0 cloak (worn)
Jewellery
 o - a ring of poison resistance (left hand)
Scrolls
 e - a scroll of butterflies {unknown}
 f - a scroll of enchant weapon {unknown}
 i - 3 scrolls of identify {unknown}
 l - 2 scrolls of amnesia {unknown}
 p - a scroll of noise {unknown}
Potions
 d - a potion of might
 h - 2 potions of degeneration {unknown}
 j - a potion of curing {unknown}
 k - a potion of attraction {unknown}
 m - 2 potions of magic {unknown}


   Skills:
 - Level 3.2 Fighting
 + Level 7.7 Long Blades
 - Level 3.6 Armour
 - Level 3.6 Shields


You had 5 spell levels left.
You didn't know any spells.
Your spell library contained the following spells:

 Spells                   Type           Power      Damage    Failure   Level
 Magic Dart               Conj           0%         1d3       83%         1
 Searing Ray              Conj           0%         2d4       93%         2
 Fulminant Prism          Conj/Hex       0%         3d5       100%        4


Dungeon Overview and Level Annotations

Branches:
Dungeon (4/15) Zot: 1235
 Temple: D:4-7

Altars:

Shops:
D:3 *


Innate Abilities, Weirdness & Mutations

You passively map a small area around you.
You are easily found by Zot.
You glow in the dark.
You regain HP and MP as you explore.


Message History

The scorpion stings you. The scorpion closely misses you.
Your Long Blades skill increases to level 7!
You slash the goblin!
You kill the goblin!
The scorpion stings you.
Things that are here:
a +0 dagger; a goblin corpse; a hobgoblin corpse You closely miss the scorpion.
The scorpion closely misses you.
You hit the scorpion but do no damage. The scorpion stings you.
You slash the scorpion!
The scorpion is heavily wounded.
The scorpion stings you but does no damage. x2
You slash the scorpion!
The scorpion is almost dead.
The scorpion stings you but does no damage.
You hit the scorpion but do no damage.
The scorpion is almost dead.
You block the scorpion's attack.
An ogre comes into view. It is wielding a +0 giant spiked club.
You hit the scorpion but do no damage.
The scorpion is almost dead.
The scorpion stings you.
You slash the scorpion!
You kill the scorpion!
You block the ogre's attack.
You see here a scorpion corpse.
Things that are here:
a +0 dagger; a goblin corpse; a hobgoblin corpse The ogre hits you with a +0 giant spiked club!
* * * LOW HITPOINT WARNING * * *
You see here a scorpion corpse.
You barely miss the ogre. The ogre barely misses you.
Unknown command.
You slash the ogre!
The ogre is heavily wounded.
Unknown command.
You slash the ogre!
The ogre is severely wounded.
The ogre hits you with a +0 giant spiked club!!
You die...

, , .. . ,, , ,
....<## * * * ,
..#....### *
.....#.... * #...!....
,*#### * , .#........
, ...$. * ,
...##...O###......
,......#..@).##### *
....#.##.##.....#,...
*
..#........(###.##..*
* ,* .........##..#
.... * ,
#.......###.....),*,,
, #......#..#####.. *
* #.###..##....#...
,,... , #.....##...##
* * ,..) *
#..##.##....######....


You could see an ogre.

Vanquished Creatures
  A black bear (D:4)
  A scorpion (D:4)
  A jelly (D:4)
  Natasha (D:2)
  2 adders
  A worm (D:3)
  An orc (D:3)
  5 bats
  2 endoplasms
  4 giant cockroaches
  5 goblins
  5 hobgoblins
  7 jackals (D:1)
  4 kobolds
  2 quokkas
  4 frilled lizards
  2 rats (D:1)
48 creatures vanquished.

Vanquished Creatures (others)
  2 plants (D:4)
2 creatures vanquished.

Grand Total: 50 creatures vanquished

Notes
Turn   | Place    | Note
-------+----------+-------------------------------------------
     0 | D:1      | lunkers the Meteoran Fighter began the quest for the Orb.
     0 | D:1      | Reached XP level 1. HP: 19/19 MP: 2/2
    83 | D:1      | Reached skill level 3 in Long Blades
    83 | D:1      | Reached XP level 2. HP: 23/26 MP: 3/3
   163 | D:1      | Reached XP level 3. HP: 16/31 MP: 4/4
   246 | D:1      | Reached skill level 4 in Long Blades
   393 | D:2      | Noticed Natasha
   402 | D:2      | Killed Natasha
   403 | D:2      | Reached skill level 5 in Long Blades
   403 | D:2      | Reached XP level 4. HP: 13/38 MP: 5/5
   613 | D:3      | Found Oleremebuf's General Store.
   920 | D:3      | Reached XP level 5. HP: 45/45 MP: 6/6
  1035 | D:4      | Noticed a black bear
  1069 | D:4      | Killed a black bear
  1070 | D:4      | Reached skill level 6 in Long Blades
  1070 | D:4      | Reached XP level 6. HP: 33/51 MP: 7/7
  1106 | D:4      | Reached skill level 7 in Long Blades
  1112 | D:4      | Noticed an ogre
  1120 | D:4      | Slain by an ogre

Illustrated notes

Levels and vault maps discovered:
D:1:      tarquinn_simple_flora_water_d, layout_rooms,
          hellmonk_ecumenical_altar_leap_of_faith
D:2:      layout_loops_corners, minmay_misc_feat_iff,
          hangedman_decor_diamond_cutter, uniq_natasha
D:3:      layout_basic, serial_shops, shop, uniq_crazy_yiuf_cottage
D:4:      cheibrodos_old_hovel, layout_rooms, serial_shops, kennysheep_mini

Skill      XL: |  1  2  3  4  5  6 |
---------------+-------------------+-----
Long Blades    | 3 5 6 7 |  7.7
Fighting       | |  3.2
Armour         | |  3.6
Shields        | |  3.6

Action                     |  1- 3 |  4- 6 || total
---------------------------+-------+-------++-------
  Melee: Long sword        |   102 |   111 ||   213
 Armour: Scale mail        |    53 |    60 ||   113
  Dodge: Dodged            |    42 |    48 ||    90
  Block: Buckler           |    26 |    26 ||    52

Table legend: (Time is in decaauts)
 A = Elapsed time spent in this place.
 B = Non-inter-level travel time spent in this place.
 C = Inter-level travel time spent in this place.
 D = Time resting spent in this place.
 E = Time spent auto-exploring this place.
 F = Levels seen in this place.
 G = Mean time per level.
                   A        B        C        D        E       F      G
               +--------+--------+--------+--------+--------+-----+--------+
         Total |   1163 |   1133 |     30 |      0 |    666 |   4 |  290.8 |
       Dungeon |   1163 |   1133 |     30 |      0 |    666 |   4 |  290.8 |
               +--------+--------+--------+--------+--------+-----+--------+

Top non-repeatable levels by time:
     D:3: 442 daAuts
     D:1: 394 daAuts
     D:2: 222 daAuts
     D:4: 104 daAuts
